[Event "Late-Titled-Tuesday-Blitz-June-25-2024"]
[Site "Chess.com"]
[Date "2024.06.25"]
[Round "3"]
[White "TigrVShlyape"]
[Black "bazar-wokzal"]
[Result "1/2-1/2"]
[WhiteElo "2993"]
[BlackElo "2607"]
[TimeControl "180+1"]
[EndTime "14:27:32 PDT"]
[Termination "Game drawn - insufficient material"]

1. d4 Nf6 2. Bf4 d5 3. e3 e6 4. Nf3 Bd6 5. Bg3 O-O 6. c4 c5 7.
Nc3 cxd4 8. Nxd4 Nc6 9. cxd5 Nxd4 10. Qxd4 Bxg3 11. hxg3 Nxd5 12. Nxd5 exd5 13. Bd3 h6 14. O-O Be6 15. Rac1 Qa5 16. a3 Rfc8 17. Be2 Rxc1 18. Rxc1 Rc8 19. Rxc8+ Bxc8 20. Kf1 Be6 21. f3 b6 22. Kf2 Qc5 23. Qe5 Qc2 24. b4 Kh7 25.
Qd4 g6 26. g4 Qb3 27. Qd3 Qxd3 28. Bxd3 Kg7 29. Ke2 g5 30. Kd2 Kf6 31. Kc3 Ke5 32. g3 f6 33. Ba6 Bf7 34. a4 h5 35. gxh5 Bxh5 36. Be2 Be8 37. a5 f5 38. Bd3 bxa5 39. bxa5 f4 40. gxf4+ gxf4 41. exf4+ Kxf4 42. Kd4 Kxf3 43. Kxd5 Ke3 44. Bf1 Kd2 45. Kd6 Kc3 46. Kc7 Kb4 47. a6 Bf7 48. Kb7 Be6 49. Be2 Ka5 50. Kxa7 Bc8 51. Bd3 Bxa6 1/2-1/2

[Event "Late-Titled-Tuesday-Blitz-June-25-2024"]
[Site "Chess.com"]
[Date "2024.06.25"]
[Round "3"]
[White "protectiago"]
[Black "KorolDimitriy75"]
[Result "1/2-1/2"]
[WhiteElo "2133"]
[BlackElo "2407"]
[TimeControl "180+1"]
[EndTime "14:27:34 PDT"]
[Termination "Game drawn by repetition"]

1. d4 Nf6 2. c4 c5 3. d5 b5 4.
cxb5 a6 5. bxa6 g6 6. g3 Bxa6 7. Bg2 d6 8. Nf3 Bg7 9. O-O O-O 10. Nc3 Nbd7 11. Qc2 Ne8 12. Rd1 Nc7 13. Rb1 Nb6 14. e4 Nb5 15. Nxb5 Bxb5 16. b3 Qd7 17. a4 Ba6 18.
Bb2 Bxb2 19. Rxb2 Rfb8 20. e5 Qb7 21. e6 f6 22. Nh4 f5 23. Qc1 Rf8 24. Qh6 Rf6 25.
Nf3 g5 26. Qxg5+ Rg6 27. Qh5 Nxa4 28. Ng5 Rg7 29. Rbd2 Qxb3 30. Nf7 c4 31. Qxf5 c3 32. Rc2 Rc8 33. Be4 Nb2 34. Nh6+ Kh8 35. Nf7+ Kg8 36. Nh6+ Kh8 37. Nf7+ Kg8 1/2-1/2

[Event "Late-Titled-Tuesday-Blitz-June-25-2024"]
[Site "Chess.com"]
[Date "2024.06.25"]
[Round "3"]
[White "Charodej1"]
[Black "tactic"]
[Result "1-0"]
[WhiteElo "2486"]
[BlackElo "2687"]
[TimeControl "180+1"]
[EndTime "14:27:35 PDT"]
[Termination "Charodej1 won by checkmate"]

1. e4 d5 2. exd5 c6 3. dxc6 Nxc6 4. Nf3 e5 5. Nc3 Nf6 6. d3 Bc5 7. Be2 h6 8. O-O O-O 9. Ne4 Nxe4 10. dxe4 Qe7 11. c3 Be6 12. Qc2 Rab8 13. b4 Bd6 14. Be3 a6 15. a4 Rfc8 16. Qd2 Rd8 17. Qb2 f6 18. Rfd1 Qf7 19. Bb6 Rd7 20. b5 Ne7 21.
Be3 f5 22. exf5 Nxf5 23. Ba7 Ra8 24. Bb6 e4 25. Nd4 Nxd4 26. Rxd4 e3 27. fxe3 Rf8 28. Rf1 Qe8 29. Rxf8+ Bxf8 30. Rxd7 Bxd7 31. Bd4 Bd6 32. Qb3+ Kh8 33. Qd5 Qg6 34. Qxb7 Qb1+ 35. Kf2 Qf5+ 36. Qf3 Qg6 37. bxa6 Bc6 38. Qxc6 Bg3+ 39. hxg3 Qxc6 40. a7 Qxa4 41. Bf3 Qc2+ 42. Kg1 Qb1+ 43. Kh2 Qg6 44.
a8=Q+ Kh7 45. Be4 h5 46. Bxg6+ Kh6 47. Bxg7+ Kg5 48. Qd5+ Kxg6 49. Qe6+ Kg5 50. Bh6# 1-0

[Event "Late-Titled-Tuesday-Blitz-June-25-2024"]
[Site "Chess.com"]
[Date "2024.06.25"]
[Round "3"]
[White "Gyulamiryan-koryun"]
[Black "ChadBiryani"]
[Result "0-1"]
[WhiteElo "1814"]
[BlackElo "2523"]
[TimeControl "180+1"]
[EndTime "14:27:35 PDT"]
[Termination "ChadBiryani won on time"]

1. e4 d6 2. d4 Nf6 3. Bd3 e5 4. Ne2 Be7 5. O-O O-O 6. c3 Bg4 7.
f4 exd4 8. cxd4 Nc6 9. Be3 d5 10. e5 Ne4 11. Nbc3 f5 12. h3 Bh5 13. a3 Rb8 14.
Qc2 Bf7 15. Bxe4 fxe4 16. f5 Bg5 17. Bf4 Bxf4 18. Nxf4 Nxd4 19. Qf2 Nxf5 20. e6 Bg6 21. Nxg6 hxg6 22. Qc5 c6 23. g4 b6 24. Qxc6 Ne7 25.
Rxf8+ Qxf8 26. Qd6 Rd8 27. Qe5 Qf6 28. Qc7 Rf8 29. Qg3 Qxe6 30. Rd1 e3 31. Re1 d4 32. Ne2 Qe4 33. Qd6 Rf7 34. Qxd4 Qf3 35. Qd8+ Kh7 0-1

[Event "Late-Titled-Tuesday-Blitz-June-25-2024"]
[Site "Chess.com"]
[Date "2024.06.25"]
[Round "3"]
[White "Denmark2015"]
[Black "Laico"]
[Result "1/2-1/2"]
[WhiteElo "2625"]
[BlackElo "2442"]
[TimeControl "180+1"]
[EndTime "14:27:37 PDT"]
[Termination "Game drawn by repetition"]

1. d4 e6 2. c4 f5 3. g3 Nf6 4.
Bg2 Be7 5. Nh3 O-O 6. O-O d6 7. Nc3 e5 8. dxe5 dxe5 9. Qxd8 Rxd8 10. e4 fxe4 11. Ng5 Bf5 12. Ngxe4 Nc6 13. Nxf6+ Bxf6 14. Ne4 Rab8 15. Be3 Nd4 16. Rad1 Bxe4 17. Bxe4 c6 18. Kg2 Rd7 19. f4 Rbd8 20. Rd2 exf4 21. Bxf4 Ne6 22.
Rxd7 Nxf4+ 23. Rxf4 Rxd7 24. Rf2 Rd4 25. Bf5 Kf8 26.
b3 Rd1 27. Bxh7 Ke7 28. Re2+ Kd6 29. Bf5 a5 30. Bc2 Ra1 31. Bg6 Kc5 32. h4 Kb4 33. Bf7 Ka3 34. c5 Rxa2 35. Rxa2+ Kxa2 36. b4+ Ka3 37. bxa5 Kb4 38. Kf3 Kxc5 39. Be6 Kb4 40. Bc8 Kxa5 41.
Bxb7 c5 42. Ke4 Kb4 43. Kd3 c4+ 44. Kc2 c3 45. Bf3 Kc4 46. h5 Kd4 47. g4 Ke3 48. Bd1 Kf4 49. Be2 Ke3 50. Bd3 Kf4 51. Bf5 Kg5 52. Be6 Kf4 53. Bf5 Ke3 54. Be6 Kf4 55. Bf5 1/2-1/2

[Event "Late-Titled-Tuesday-Blitz-June-25-2024"]
[Site "Chess.com"]
[Date "2024.06.25"]
[Round "3"]
[White "AEMEffi"]
[Black "ATM622"]
[Result "1-0"]
[WhiteElo "2345"]
[BlackElo "2554"]
[TimeControl "180+1"]
[EndTime "14:27:37 PDT"]
[Termination "AEMEffi won by resignation"]

1. d4 Nf6 2. c4 e6 3. Nc3 Bb4 4. e3 O-O 5. Ne2 d5 6. cxd5 exd5 7. g3 c6 8. Bg2 Re8 9. O-O Nbd7 10. Qc2 Nf8 11. a3 Ba5 12. b4 Bc7 13. f3 Ne6 14.
Rd1 Bb6 15. Na4 Ng5 16. Nxb6 axb6 17. e4 Nxf3+ 18. Bxf3 dxe4 19. Bg2 Bg4 20. Bg5 h6 21.
Bxf6 Qxf6 22. Rf1 Qd6 23. Qc4 Bxe2 24. Qxe2 Qxd4+ 25. Qf2 Qxf2+ 26. Kxf2 f5 27. Ke3 g6 28. g4 Re5 29. gxf5 gxf5 30. Rfd1 Rf8 31. Kf4 Re7 32. Rd6 Rg7 33. Bh3 h5 34. Rf1 Ra8 35. Bxf5 Rxa3 36. Bxe4 Rf7+ 37. Bf5 Kf8 38. Rd8+ Ke7 39. Rfd1 Ra2 40.
R1d7+ Kf6 41. Rd6+ Kg7 42. Rg6+ Kh7 43. Rg5+ Rxf5+ 44. Kxf5 Rxh2 45. Rd7+ Kh8 46. Kg6 Rf2 47. Rd8+ 1-0

[Event "Late-Titled-Tuesday-Blitz-June-25-2024"]
[Site "Chess.com"]
[Date "2024.06.25"]
[Round "3"]
[White "glucolisis04"]
[Black "wild3000"]
[Result "0-1"]
[WhiteElo "2297"]
[BlackElo "2541"]
[TimeControl "180+1"]
[EndTime "14:27:40 PDT"]
[Termination "wild3000 won by resignation"]

1. d4 a6 2. e4 e6 3. Nf3 b5 4.
Bd3 Bb7 5. O-O c5 6. c3 Nf6 7.
Re1 d5 8. e5 Ne4 9. Nbd2 Nxd2 10. Bxd2 Nc6 11. Bg5 Qb6 12. a3 h6 13. Be3 a5 14.
dxc5 Bxc5 15. Bxc5 Qxc5 16. Nd4 Nxd4 17. cxd4 Qb6 18.
Qg4 O-O 19. Re3 f5 20. exf6 Rxf6 21. Rae1 Bc8 22. Re5 Qd6 23. Bxb5 a4 24. R1e3 Rb8 25. Rg3 Qf8 26. Bxa4 Rxb2 27. h3 Rbxf2 28. Rh5 R2f4 29.
Qe2 Rxd4 30. Bc2 Qc5 31. Kh2 Qc7 32. Qe3 Rc4 33. Bd3 Rcf4 34. a4 e5 35. Bb5 e4 36.
Qd4 Kh7 37. Qxd5 Bb7 38. Qd4 Rf2 39. Qxf6 Rxf6 40. Be2 Rg6 0-1

[Event "Late-Titled-Tuesday-Blitz-June-25-2024"]
[Site "Chess.com"]
[Date "2024.06.25"]
[Round "3"]
[White "maurovargas01"]
[Black "FredddieCroderg"]
[Result "1/2-1/2"]
[WhiteElo "1942"]
[BlackElo "2338"]
[TimeControl "180+1"]
[EndTime "14:27:42 PDT"]
[Termination "Game drawn by stalemate"]

1. e4 c6 2. Nc3 d5 3. d3 e5 4. g3 Nf6 5. Bg2 Be7 6. exd5 cxd5 7.
d4 exd4 8. Qxd4 Nc6 9. Qa4 O-O 10. Bg5 Qb6 11. Bxf6 Bxf6 12. Nxd5 Qxb2 13. Nxf6+ Qxf6 14. Rd1 Re8+ 15. Ne2 b5 16. Qxb5 Bg4 17. f3 Nd4 18. Rxd4 Qxd4 19. fxg4 Rab8 20. Qd3 Qb4+ 21. c3 Qb2 22. Qd2 Qb6 23. Bf3 Rbd8 24. Qc2 Qe3 25. Rf1 Re6 26. c4 Red6 27. Bd5 Re8 28. Bxf7+ Kh8 29. Bxe8 Qxe8 30. Qf5 h6 31. Qf8+ Qxf8 32. Rxf8+ Kh7 33. Rf7 Rc6 34. Rxa7 Rxc4 35. Nf4 Rc2 36.
Kd1 Rxh2 37. Nh5 Kh8 38. Rxg7 Rd2+ 39. Kxd2 1/2-1/2

[Event "Late-Titled-Tuesday-Blitz-June-25-2024"]
[Site "Chess.com"]
[Date "2024.06.25"]
[Round "3"]
[White "machupichu10"]
[Black "guillembaches"]
[Result "1-0"]
[WhiteElo "2837"]
[BlackElo "2549"]
[TimeControl "180+1"]
[EndTime "14:27:43 PDT"]
[Termination "machupichu10 won on time"]

1. d4 Nf6 2. c4 e6 3. Nf3 d5 4. g3 h6 5. Bg2 Bd6 6. O-O O-O 7.
c5 Be7 8. b4 b6 9. a3 a5 10.
Bb2 axb4 11. axb4 Rxa1 12. Bxa1 c6 13. Nbd2 Ba6 14. Ne5 Nfd7 15. f4 Nxe5 16. fxe5 Nd7 17. Bc3 Bb5 18. Nf3 Qa8 19. Qc2 Qa6 20. Ra1 Qb7 21.
e3 Ra8 22. Qb1 Rxa1 23. Qxa1 Qa6 24. Qxa6 Bxa6 25. Kf2 bxc5 26. bxc5 Bd3 27. Nd2 f6 28. exf6 gxf6 29. Nb3 Bd8 30. Ba5 Bc4 31. Bxd8 Bxb3 32. Bf1 Bc4 33. Bxc4 dxc4 34. e4 Kf7 35. Ke2 f5 36. exf5 exf5 37. d5 Nxc5 38. dxc6 Ke6 39. Ke3 Kd6 40. c7 Kd7 41. Kd4 Ne6+ 42. Kxc4 Nxd8 43.
cxd8=Q+ Kxd8 44. Kd5 Ke7 45. Ke5 Kf7 46. Kxf5 Kg7 47. h4 Kf7 48. h5 Kg7 49. Ke6 1-0

[Event "Late-Titled-Tuesday-Blitz-June-25-2024"]
[Site "Chess.com"]
[Date "2024.06.25"]
[Round "3"]
[White "Zapateado"]
[Black "KChor05"]
[Result "0-1"]
[WhiteElo "2387"]
[BlackElo "2607"]
[TimeControl "180+1"]
[EndTime "14:27:43 PDT"]
[Termination "KChor05 won on time"]

1. c4 c5 2. Nc3 g6 3. g3 Bg7 4. Bg2 Nc6 5. d3 Rb8 6. e4 a6 7.
a4 Nf6 8. Nge2 O-O 9. O-O Ne8 10. Be3 d6 11. d4 cxd4 12. Nxd4 Bd7 13. f4 Qb6 14.
Nd5 Qd8 15. Qd2 Nc7 16. Ne2 b5 17. cxb5 axb5 18. Bb6 Rxb6 19. Nxb6 Bg4 20. Nd5 bxa4 21. Nec3 Nd4 22. Rxa4 e5 23. h3 Bd7 24. Ra7 Nce6 25.
f5 Nc5 26. f6 Be6 27. fxg7 Kxg7 28. Ne2 Ncb3 29. Qd3 Bxd5 30. exd5 Qb6 31. Raa1 Nxe2+ 32. Kh2 Ned4 33. Rae1 Nc5 34. Qe3 f5 35. Qf2 Nd3 36. Qe3 Nxe1 37. Qxe1 Qxb2 38. Qf2 Qb5 39. g4 f4 40. Qe1 f3 41. Bh1 Qe2+ 42. Qxe2 fxe2 43. Re1 Rf1 0-1

[Event "Late-Titled-Tuesday-Blitz-June-25-2024"]
[Site "Chess.com"]
[Date "2024.06.25"]
[Round "3"]
[White "Veleamater"]
[Black "JEHUBNER"]
[Result "1-0"]
[WhiteElo "2388"]
[BlackElo "1972"]
[TimeControl "180+1"]
[EndTime "14:27:46 PDT"]
[Termination "Veleamater won by checkmate"]

1. g3 d5 2. Bg2 c6 3. d3 Nf6 4. Nf3 e5 5. O-O Bd6 6. h3 O-O 7. Nc3 Nbd7 8. e4 b6 9. g4 Bb7 10. g5 Ne8 11. Nh4 d4 12. Ne2 f5 13. Nxf5 Bc7 14. h4 Nd6 15. Neg3 Nc5 16. f4 exf4 17. Bxf4 Ne6 18. Bd2 g6 19. Nh6+ Kg7 20. Qe2 Qe7 21. Rxf8 Rxf8 22. Rf1 Kh8 23. e5 Nf7 24. Ng4 Ng7 25.
Rf6 Nh5 26. Nxh5 gxh5 27. Nh6 Nxe5 28. Rxf8+ Qxf8 29. Qxh5 Ng6 30. Be4 Kg7 31. Nf5+ Kh8 32. Qg4 Bc8 33. h5 Ne5 34. Qh3 Nf7 35. g6 Nd6 36.
Bh6 Qd8 37. Qf3 Bxf5 38. Bxf5 Nxf5 39. Qxf5 Qe7 40. g7+ Kg8 41. Qc8+ Kf7 42. g8=Q+ Kf6 43. Qg5+ Kf7 44. Qcg8# 1-0

[Event "Late-Titled-Tuesday-Blitz-June-25-2024"]
[Site "Chess.com"]
[Date "2024.06.25"]
[Round "3"]
[White "N_I_Chess"]
[Black "Crasyhealer"]
[Result "0-1"]
[WhiteElo "2258"]
[BlackElo "2503"]
[TimeControl "180+1"]
[EndTime "14:27:47 PDT"]
[Termination "Crasyhealer won on time"]

1. d4 d6 2. c4 Nf6 3. Nc3 g6 4. e4 Bg7 5. f4 O-O 6. Nf3 c6 7.
Bd3 Qa5 8. O-O a6 9. e5 Nfd7 10. Qe2 dxe5 11. fxe5 e6 12. Bd2 Qc7 13. Rae1 b5 14. c5 a5 15. Kh1 b4 16. Ne4 Ba6 17.
Nd6 Bxd3 18. Qxd3 Qd8 19. Bg5 f6 20. exf6 Nxf6 21. Rxe6 Nbd7 22. Ne5 Qc7 23. Re7 Nxe5 24. Rxg7+ Qxg7 25. dxe5 Nd5 26. Re1 b3 27. axb3 a4 28. bxa4 Rxa4 29. h3 Rb4 30. b3 Rfb8 31. e6 Rxb3 32.
Qc2 Rb2 33. Qa4 Rb1 34. Qa5 Qe5 35. Bd2 Qxe6 36. Kh2 Rxe1 37. Bxe1 Qe5+ 38. Bg3 Qc3 39. Qa7 Rf8 40. Qd7 Qg7 41. Qxc6 Ne3 42. Qe4 Nf1+ 43.
Kg1 Nxg3 44. Qe6+ Kh8 45. c6 Rf1+ 46. Kh2 Qc3 0-1

[Event "Late-Titled-Tuesday-Blitz-June-25-2024"]
[Site "Chess.com"]
[Date "2024.06.25"]
[Round "3"]
[White "OIAM03"]
[Black "Chessdude1987"]
[Result "0-1"]
[WhiteElo "1971"]
[BlackElo "2368"]
[TimeControl "180+1"]
[EndTime "14:27:48 PDT"]
[Termination "Chessdude1987 won on time"]

1. e4 e6 2. d4 d5 3. Nd2 c5 4. exd5 Qxd5 5. Ndf3 Nf6 6. Bd3 cxd4 7. Nxd4 Bc5 8. Ngf3 O-O 9. O-O Na6 10. Nb3 Bb6 11.
Bxa6 bxa6 12. Qxd5 Nxd5 13. c4 Nb4 14. Bd2 Nd3 15.
Bc3 Bb7 16. Ne5 Nf4 17. c5 Ne2+ 18. Kh1 Nxc3 19. cxb6 Nd5 20. bxa7 Rxa7 21. Nc5 Ba8 22. f3 Rc8 23. Rac1 Rac7 24. Ned3 a5 25. b3 Kf8 26. Na6 Rxc1 27. Rxc1 Rxc1+ 28. Nxc1 Ke7 29. Kg1 Kd6 30. Nd3 Bb7 31. Nac5 Bc6 32. Kf2 Bb5 33. Ke2 Nb4 34. Kd2 Nxa2 35. Ne4+ Ke7 36. Ndc5 Nb4 37. Kc3 Nd5+ 38.
Kd4 Bf1 0-1

[Event "Late-Titled-Tuesday-Blitz-June-25-2024"]
[Site "Chess.com"]
[Date "2024.06.25"]
[Round "3"]
[White "CFalcons8"]
[Black "ManMish2"]
[Result "0-1"]
[WhiteElo "2430"]
[BlackElo "2629"]
[TimeControl "180+1"]
[EndTime "14:27:50 PDT"]
[Termination "ManMish2 won by resignation"]

1. d4 d5 2. c3 Nf6 3. Bf4 c5 4. e3 Nc6 5. Nf3 Qb6 6. Qc1 Bf5 7. Nbd2 e6 8. Be2 h6 9. h3 Be7 10. a4 c4 11. Bd1 O-O 12. O-O a5 13. b3 cxb3 14.
Bxb3 Rac8 15. Qb2 Rfd8 16. Rfc1 Qa6 17. Ne5 Nxe5 18. Bxe5 Nd7 19. Bh2 Nb6 20. Qa2 Qd3 21. c4 Bb4 22. Rd1 Qe2 23. c5 Nd7 24. Nf3 Qxa2 25.
Rxa2 f6 26. Rc1 Kf8 27. Bc2 Bxc2 28. Raxc2 Ke7 29. Bd6+ Kf7 30. Bh2 g5 31. c6 bxc6 32.
Rxc6 Rxc6 33. Rxc6 Nf8 34. Bc7 Rc8 35. g4 Nd7 36. Kg2 Nb8 37. Ng1 Nxc6 38. Bg3 Ne7 39. Ne2 Ng6 40. h4 Rc2 41. Bh2 Nxh4+ 0-1

[Event "Late-Titled-Tuesday-Blitz-June-25-2024"]
[Site "Chess.com"]
[Date "2024.06.25"]
[Round "3"]
[White "ReinisUz"]
[Black "andrew-blr"]
[Result "1-0"]
[WhiteElo "2446"]
[BlackElo "2612"]
[TimeControl "180+1"]
[EndTime "14:27:51 PDT"]
[Termination "ReinisUz won by checkmate"]

1. c4 e5 2. Nc3 Bb4 3. g3 Bxc3 4. bxc3 Nc6 5. Bg2 d6 6. e4 Nge7 7. Ne2 O-O 8. O-O Be6 9. d3 f5 10. f4 fxe4 11. Bxe4 Bf5 12. Bxf5 Nxf5 13. fxe5 Nxe5 14. Nf4 Qd7 15. Qc2 Rae8 16. Bd2 Qc6 17. Nd5 Qd7 18. Rae1 c6 19. Nf4 Ng4 20. Rxe8 Rxe8 21. Re1 Rxe1+ 22. Bxe1 g5 23. Ng2 Qe6 24. Bf2 Ne5 25. Qe2 g4 26.
Kf1 Qh6 27. Bg1 Qc1+ 28. Ne1 Qxc3 29. d4 Nxc4 30. Qe6+ Kg7 31. Qxf5 Nd2+ 32. Ke2 Nc4 33. Qxg4+ Kf7 34. Qf5+ Kg7 35. Qd3 Qb2+ 36. Qc2 Qb5 37. Kf2 d5 38. Nf3 Nd6 39. Kg2 Ne4 40. Ne5 Qb4 41.
Qe2 h5 42. Qxh5 Qd2+ 43. Kh3 Qe1 44. Qf7+ Kh6 45. Qg6# 1-0

[Event "Late-Titled-Tuesday-Blitz-June-25-2024"]
[Site "Chess.com"]
[Date "2024.06.25"]
[Round "3"]
[White "petr577"]
[Black "Patricius007"]
[Result "1-0"]
[WhiteElo "2359"]
[BlackElo "2568"]
[TimeControl "180+1"]
[EndTime "14:27:51 PDT"]
[Termination "petr577 won by resignation"]

1. d4 d6 2. Nf3 g6 3. h4 Bg7 4. h5 Nc6 5. h6 Bf6 6. Nc3 e5 7. Nd5 exd4 8. Nxf6+ Qxf6 9. Bg5 Qf5 10. Qd2 f6 11.
Bh4 g5 12. Bg3 Qc5 13. Rc1 Bf5 14. c3 dxc3 15. Rxc3 Qa5 16. e4 Bxe4 17. Re3 d5 18.
Qxa5 Nxa5 19. Nd2 O-O-O 20. f3 Bg6 21. Bb5 a6 22. Ba4 b5 23. Bd1 Nc6 24. Kf2 f5 25. Be5 Nxe5 26. Rxe5 Nf6 27. Bc2 f4 28. Bxg6 hxg6 29.
Rxg5 Rdg8 30. Nb3 Nd7 31. Rxd5 g5 32. Nc5 Nxc5 33. Rxc5 Rg6 34. h7 Kb7 35. Rf5 Rg7 36.
Rh5 Rhxh7 37. Rxh7 Rxh7 38. Rxg5 Rf7 39. Re5 c5 40.
Rxc5 Kb6 41. Re5 Ka5 42. Re4 b4 43. Ke2 Kb5 44. Kd3 a5 45. b3 Rf5 46. Rd4 Rf7 47.
Ke4 Rg7 48. Rd2 Rxg2 49. Rxg2 1-0

[Event "Late-Titled-Tuesday-Blitz-June-25-2024"]
[Site "Chess.com"]
[Date "2024.06.25"]
[Round "3"]
[White "laskakid"]
[Black "UB_TheQueen"]
[Result "1-0"]
[WhiteElo "2403"]
[BlackElo "2036"]
[TimeControl "180+1"]
[EndTime "14:27:52 PDT"]
[Termination "laskakid won on time"]

1. Nf3 Nf6 2. b3 g6 3. Bb2 Bg7 4. g3 O-O 5. Bg2 d6 6. d4 a5 7.
a3 c5 8. c4 cxd4 9. Nxd4 d5 10. Nd2 e5 11. Nb5 d4 12. O-O Nc6 13.
c5 Bg4 14. h3 Be6 15. Nd6 Qd7 16. N2c4 Bxh3 17. Nb6 Qg4 18. Nxa8 Rxa8 19. Kh2 Bxg2 20. Kxg2 Nd5 21. Rh1 Qd7 22. Qd3 b6 23. Ne4 f5 24. Ng5 h6 25. Nh3 bxc5 26. Qc4 Qd6 27.
Rac1 Bf8 28. f4 e4 29. e3 Kg7 30. Rhe1 Be7 31. exd4 Nxd4 32. Bxd4+ cxd4 33. Qxd4+ Bf6 34. Qc5 Qd7 35. Rcd1 Rd8 36. Nf2 Qf7 37. Re2 Nc3 38. Rxd8 Nxe2 39. Rc8 Bd4 40. Qc7 Qxc7 41. Rxc7+ Kf6 42.
Rc6+ Kf7 43. Ra6 Nc3 44. Rxa5 e3 45. Nd3 e2 46. b4 1-0

[Event "Late-Titled-Tuesday-Blitz-June-25-2024"]
[Site "Chess.com"]
[Date "2024.06.25"]
[Round "3"]
[White "CM_rui"]
[Black "Alexander_Khlebovich"]
[Result "1-0"]
[WhiteElo "2564"]
[BlackElo "2819"]
[TimeControl "180+1"]
[EndTime "14:27:55 PDT"]
[Termination "CM_rui won on time"]

1. e4 c5 2. Nf3 d6 3. c3 Nf6 4.
Be2 g6 5. Bb5+ Bd7 6. Bxd7+ Nbxd7 7. Qe2 Bg7 8. O-O O-O 9. d4 e6 10. Bf4 Qe7 11. Bxd6 Qxd6 12. e5 Qb6 13. exf6 Bxf6 14. dxc5 Nxc5 15. Na3 Rfd8 16. Rad1 Na4 17. Nc4 Qa6 18.
Qe4 b5 19. Nce5 Nxb2 20. Rd7 Nc4 21. Rfd1 Nxe5 22. Nxe5 Qa4 23. Qf3 Qh4 24. Rxd8+ Rxd8 25. Rxd8+ Kg7 26. Rd4 Qg5 27. Nd3 Bxd4 28. cxd4 Qd2 29.
Qe3 Qxa2 30. Qe5+ Kg8 31. h4 Qb1+ 32. Ne1 a5 33. Kh2 a4 34. Nf3 a3 35. Ng5 h6 36.
Ne4 a2 37. Nf6+ Kf8 38. Qb8+ Kg7 39. Ne8+ Kh7 40. Qa7 Qf5 41. Qxa2 Qf4+ 42. g3 Qxd4 43. Nc7 1-0

[Event "Late-Titled-Tuesday-Blitz-June-25-2024"]
[Site "Chess.com"]
[Date "2024.06.25"]
[Round "3"]
[White "Moon_stone123"]
[Black "norwaytoadog"]
[Result "0-1"]
[WhiteElo "2584"]
[BlackElo "2380"]
[TimeControl "180+1"]
[EndTime "14:27:56 PDT"]
[Termination "norwaytoadog won on time"]

1. c4 e5 2. d3 Nf6 3. Nf3 Nc6 4. a3 a5 5. Bg5 Be7 6. Nc3 d6 7. g3 Be6 8. Bg2 O-O 9. O-O h6 10. Bxf6 Bxf6 11. Ne1 Qd7 12. Nd5 Bd8 13. Nc2 Bh3 14.
b4 Bxg2 15. Kxg2 Ne7 16. Nxe7+ Qxe7 17. e4 c6 18. Ne3 Bb6 19. Nf5 Qf6 20. f4 Kh7 21. bxa5 Rxa5 22. Qd2 Rfa8 23. Qb2 R5a6 24. a4 R8a7 25. fxe5 dxe5 26. Qb3 Bc5 27. Nh4 Qe6 28.
Rf5 g6 29. Rf3 b5 30. Raf1 bxa4 31. Qb8 a3 32. Rf6 Qe7 33. Rxf7+ Qxf7 34. Rxf7+ Rxf7 35. Qc8 Rfa7 36. Qe6 Rg7 37. Qc8 Raa7 38. Qe8 a2 39. Qxe5 a1=Q 40. Qxc5 Qb2+ 41. Kh3 Ra2 42. Nf3 Qg2+ 43.
Kh4 Rf2 44. Qf8 Rxf3 0-1

[Event "Late-Titled-Tuesday-Blitz-June-25-2024"]
[Site "Chess.com"]
[Date "2024.06.25"]
[Round "3"]
[White "EternalNight8"]
[Black "AungTZ"]
[Result "1-0"]
[WhiteElo "2382"]
[BlackElo "1955"]
[TimeControl "180+1"]
[EndTime "14:27:56 PDT"]
[Termination "EternalNight8 won on time"]

1. e4 c5 2. Nf3 Nc6 3. Bb5 e6 4. O-O Nge7 5. d3 a6 6. Bxc6 Nxc6 7. Be3 Be7 8. a4 O-O 9. e5 b6 10. Nbd2 d5 11. exd6 Bxd6 12. Ne4 Bc7 13. d4 cxd4 14. Nxd4 Bb7 15. Nxc6 Bxc6 16. Ng3 Qf6 17. Bd4 Qg6 18. Qe2 Rfd8 19. Bc3 b5 20. Rfe1 bxa4 21. Qc4 e5 22.
Bxe5 Bxe5 23. Rxe5 Bb5 24. Qc3 Rac8 25. Rc5 Rb8 26. Re1 h6 27. Rc7 Rb6 28. h4 Rf6 29.
h5 Qg4 30. Qe3 Re6 31. Ne4 f5 32. f3 Qxh5 33. Nf6+ Rxf6 34. Qe7 Rg6 35. Qxd8+ Kh7 36. Rc8 Rg3 37. Qh8+ Kg6 38. Re6+ Kg5 39. Qd8+ Kf4 40. Qd4+ Kg5 41. Qd8+ Kf4 42. Qc7+ Kg5 43. Qxg3+ 1-0

[Event "Late-Titled-Tuesday-Blitz-June-25-2024"]
[Site "Chess.com"]
[Date "2024.06.25"]
[Round "3"]
[White "SharathRk6"]
[Black "Ali_rastbod"]
[Result "0-1"]
[WhiteElo "2474"]
[BlackElo "2707"]
[TimeControl "180+1"]
[EndTime "14:27:57 PDT"]
[Termination "Ali_rastbod won by checkmate"]

1. e4 d6 2. d4 g6 3. Nc3 Bg7 4. Nf3 e6 5. h3 Ne7 6. Bd3 O-O 7. O-O a6 8. Re1 b5 9. a3 Bb7 10. Bf4 Nd7 11. Qd2 Nb6 12. Bh6 f6 13. Bxg7 Kxg7 14. Rad1 e5 15. Bf1 Qc8 16. dxe5 fxe5 17.
Qg5 Ng8 18. Nd5 Nxd5 19. exd5 Qf5 20. Qd2 h6 21. Qc3 Rf7 22. Bd3 Qf6 23. Be4 Rc8 24. Rd2 Ne7 25. a4 bxa4 26. Qb4 Rb8 27. Qxa4 Nf5 28.
c4 Bc8 29. b4 g5 30. c5 Bd7 31. Qxa6 Rxb4 32. c6 Be8 33. Qc8 Ne7 34. Qxe8 h5 35. Qa8 g4 36. hxg4 hxg4 37. Nh2 Qf4 38. g3 Qxd2 39. Rf1 Rxe4 40. Qd8 Qxd5 41. Qxc7 Qxc6 42.
Qd8 Rc4 43. Qb8 Rc1 44. Qb2 Rxf1+ 45. Kxf1 Qh1+ 46. Ke2 Qxh2 47. Qb6 Qh6 48. Qb4 Qf6 49.
Qxg4+ Ng6 50. f3 d5 51. Qb4 Qxf3+ 52. Kd2 Qf2+ 53. Kd1 Qf1+ 54. Kc2 Rf2+ 55. Kb3 Qd3+ 56. Ka4 Ra2+ 57. Qa3 Rxa3+ 58. Kb4 Rb3+ 59. Kc5 Qc4+ 60. Kd6 Rb6+ 61. Kd7 Qc6+ 62. Kd8 Rb8# 0-1

[Event "Late-Titled-Tuesday-Blitz-June-25-2024"]
[Site "Chess.com"]
[Date "2024.06.25"]
[Round "3"]
[White "Hirna2005"]
[Black "TERMINATOR_PC"]
[Result "0-1"]
[WhiteElo "2357"]
[BlackElo "2590"]
[TimeControl "180+1"]
[EndTime "14:27:57 PDT"]
[Termination "TERMINATOR_PC won by resignation"]

1. e4 c6 2. Nc3 d5 3. Nf3 dxe4 4. Nxe4 Nf6 5. Qe2 Nxe4 6. Qxe4 Qd5 7. Qf4 Qf5 8. Qh4 Qxc2 9. Bc4 e6 10. O-O Nd7 11. d3 Be7 12. Qg4 Bf6 13. Ne1 Ne5 14. Qg3 Qa4 15. Bb3 Qa5 16. d4 Ng6 17. Be3 O-O 18.
Nf3 Rd8 19. h4 Ne7 20. Rfe1 Nf5 21. Qf4 Nxe3 22. fxe3 Bd7 23. g4 Be8 24. g5 Be7 25. Ne5 Bd6 26. h5 Bxe5 27. dxe5 c5 28. g6 Qb4 29. Qxb4 cxb4 30. gxf7+ Bxf7 31. Rac1 Rac8 32. Kf2 Kf8 33. Kg3 Ke7 34. h6 gxh6 35. Kf4 Bg6 36.
Rh1 h5 37. e4 b5 38. Rhd1 a5 39. Rxd8 Rxd8 40. Rc7+ Rd7 41. Rc6 Bf7 42. Kg5 a4 43.
Bc2 Rd2 44. Rc7+ Kd8 45. Rxf7 Rxc2 46. Rxh7 Rxb2 47. Kf6 Rxa2 48. Kxe6 Rd2 49. Rb7 a3 50. Rxb5 a2 51. Ra5 b3 52. Ra8+ Kc7 53. Ke7 Kb7 54. Ra3 Rb2 55. e6 Rb1 56. Kf8 a1=Q 57. Rxa1 Rxa1 58. e7 Ra8+ 59. Kf7 b2 0-1

[Event "Late-Titled-Tuesday-Blitz-June-25-2024"]
[Site "Chess.com"]
[Date "2024.06.25"]
[Round "3"]
[White "SaraBlackPanther"]
[Black "HansOnTwitch"]
[Result "0-1"]
[WhiteElo "2735"]
[BlackElo "3119"]
[TimeControl "180+1"]
[EndTime "14:27:58 PDT"]
[Termination "HansOnTwitch won by resignation"]

1. d4 Nf6 2. c4 e6 3. Nf3 b6 4. g3 Bb7 5. Bg2 Be7 6. O-O O-O 7. Nc3 Ne4 8. Bd2 d6 9. Rc1 Nd7 10. Be1 f5 11. d5 Nxc3 12. Bxc3 e5 13. b4 a5 14. a3 axb4 15. axb4 Qe8 16. Ra1 Qh5 17. e3 Nf6 18. Nh4 Qxd1 19. Rfxd1 g6 20. h3 e4 21. Bf1 Nd7 22. Ng2 g5 23. g4 fxg4 24.
hxg4 Bf6 25. Bxf6 Nxf6 26. Be2 Rxa1 27. Rxa1 Bc8 28. Ra7 Bxg4 29. Bxg4 Nxg4 30. Rxc7 Rxf2 31. c5 bxc5 32. bxc5 Rd2 33. cxd6 Rd1+ 34. Ne1 Rxe1+ 35. Kg2 Nf6 36. d7 Nxd7 37. Kf2 Rd1 38. Rxd7 h5 39.
d6 h4 40. Rd8+ Kg7 41. Rd7+ Kg6 42. Rd8 Kh5 43. Rd7 Kg4 44. Rd8 h3 45. d7 h2 46.
Rh8 Rxd7 47. Rxh2 Rd2+ 0-1